 Dungeon Crawl Stone Soup version 0.28.0-47-ge53b351184 (webtiles) character file.

Game seed: 18200890413343868351

2930 Typ3r5 the Protected (level 9, -1/79 HPs)
             Began as a Minotaur Fighter on May 9, 2022.
             Was a Priest of Okawaru.
             Slain by a swamp worm (12 damage)
             ... on level 9 of the Dungeon.
             The game lasted 01:31:09 (9666 turns).

Typ3r5 the Protected (Minotaur Fighter)             Turns: 9666, Time: 01:31:09

Health: -1/79      AC: 18    Str: 25    XL:     9   Next: 50%
Magic:  7/8        EV: 11    Int:  5    God:    Okawaru [***...]
Gold:   240        SH:  5    Dex: 10    Spells: 8/8 levels left

rFire   + + .      SeeInvis +   d - +1 halberd
rCold   + + .      Faith    .   (shield currently unavailable)
rNeg    . . .      Spirit   .   r - +2 plate armour {rF+}
rPois   .          Reflect  +   (helmet restricted)
rElec   .          Harm     .   (no cloak)
rCorr   +          Rampage  .   (no gloves)
Will    +....                   (no boots)
Stlth   ..........              G - amulet of reflection
HPRegen 0.23/turn               q - ring of Vaibb {Fly rF+ rC++ Will+ SInv}
MPRegen 0.11/turn               m - ring of resist corrosion

@: about to teleport, heroic, flying
A: horns 2, retaliatory headbutt
a: Renounce Religion, Heroism


You were on level 9 of the Dungeon.
You worshipped Okawaru.
Okawaru was most pleased with you.
You visited 2 branches of the dungeon, and saw 10 of its levels.

You collected 600 gold pieces.
You spent 360 gold pieces at shops.

Inventory:

Hand Weapons
 a - a +0 trident
 d - a +1 halberd (weapon)
 n - a +5 vorpal flail
 w - a +0 falchion
 I - a +0 shortbow
Missiles
 h - 222 stones (quivered)
 l - 61 arrows
 p - 11 boomerangs
 H - a javelin
 J - a throwing net
Armour
 c - a +0 buckler
 r - a +2 plate armour of fire resistance (worn)
Jewellery
 m - a ring of resist corrosion (right hand)
 q - the ring of Vaibb (left hand) {Fly rF+ rC++ Will+ SInv}
   (You acquired it on level 2 of the Dungeon)

   [ring of flight]

   rF:        It protects you from fire.
   rC:        It greatly protects you from cold.
   SInv:      It lets you see invisible.
   Fly:       It grants you flight.
   Will:      It increases your willpower.
 E - a ring of fire
 F - an amulet of guardian spirit
 G - an amulet of reflection (around neck)
Wands
 u - a wand of flame (39)
 v - a wand of acid (9)
 x - a wand of paralysis (11)
Scrolls
 e - a scroll of noise
 g - a scroll of teleportation
 z - a scroll of fog
 D - 2 scrolls of summoning
 K - a scroll of immolation {unknown}
Potions
 b - 4 potions of attraction
 f - a potion of flight
 i - 2 potions of brilliance {unknown}
 j - 3 potions of haste
 o - 2 potions of mutation
 s - a potion of berserk rage
 t - a potion of lignification
 A - 2 potions of might
 B - 2 potions of resistance {unknown}
 C - a potion of cancellation {unknown}


   Skills:
 + Level 7.6(12.6) Fighting
 * Level 7.0(12.0) Polearms
 + Level 1.4(6.4) Throwing
 + Level 8.2(13.2) Armour
 * Level 6.8(11.8) Dodging
 + Level 4.4(9.4) Stealth
 - Level 4.7(9.7) Shields


You had 8 spell levels left.
You didn't know any spells.
Your spell library contained the following spells:

 Spells                   Type           Power      Damage    Failure   Level
 Ensorcelled Hibernation  Hex/Ice        0%         N/A       100%        2
 Passwall                 Tmut/Erth      0%         N/A       100%        2
 Swiftness                Air            0%         N/A       100%        3
 Fireball                 Conj/Fire      0%         3d3       100%        5
 Iskenderun's Battlesphe  Conj           0%         2d6       100%        5
 Conjure Ball Lightning   Conj/Air       0%         3x3d6     100%        6
 Orb of Destruction       Conj           0%         9d5       100%        7


Dungeon Overview and Level Annotations

Branches:
Dungeon (9/15)             Temple (1/1) D:5
   Lair: D:8-11         Orc: D:9-12

Altars:
Ashenzari
Dithmenos
Elyvilon
Fedhas
Gozag
Hepliaklqana
Kikubaaqudgha
Makhleb
Nemelex Xobeh
Okawaru
Qazlal
Ru
Sif Muna
Xom
Zin
The Shining One

Shops:
D:6 *   D:7 =

Annotations:
D:3 1 runed translucent door, Crazy Yiuf


Innate Abilities, Weirdness & Mutations

You have a pair of horns on your head.
You reflexively headbutt those who attack you in melee.


Message History

You reflect the boomerang off an invisible shield around you!
The boomerang closely misses the orc warrior.
The orc wizard cries, "Mercy!"
The orc wizard mumbles some strange words.
The orc wizard flickers and vanishes for a moment.
The wyvern zombie closely misses you.
You barely miss the wyvern zombie.
The wyvern zombie is moderately damaged.
The wyvern zombie bites you but does no damage.
The orc priest invokes the aid of Beogh against you.
Beogh smites you!
The orc priest looks braver for a moment.
You barely miss the wyvern zombie. You headbutt the wyvern zombie!
The wyvern zombie is heavily damaged.
The wyvern zombie bites you.
Cornered, the steam dragon turns to fight!
You puncture the wyvern zombie!
The wyvern zombie is severely damaged.
The orc priest calls down the wrath of Beogh upon you.
Beogh smites you! You block the wyvern zombie's attack.
You block the orc warrior's attack. The steam dragon breathes steam at you.
The ball of steam hits you! You resist.
Okay, then.
Blink to where?
Press: ? - help, Dir - move target
As you read the scroll of blinking, it crumbles to dust.
The swamp worm bites you but does no damage.
The swamp worm bites you!
* * * LOW HITPOINT WARNING * * *
As you read the scroll of fog, it crumbles to dust.
The scroll dissolves into smoke.
The wyvern zombie is engulfed in a cloud of scalding steam.
The swamp worm barely misses you.
The swamp worm bites you but does no damage.
You block the wyvern zombie's attack. The swamp worm bites you.
* * * LOW HITPOINT WARNING * * *
As you read the scroll of teleportation, it crumbles to dust.
You feel strangely unstable. The swamp worm bites you!
You die...

#...##.# ##......#
#..o.o# ####.....#
D.§...^.#
.##§§§§.##
#[.§.o.######
#####Z§§≈≈≈≈##
#§w@§§≈≈≈o#
##§w§§###≈≈≈
#≈≈≈###≈##
#≈≈≈#|≈≈≈≈ #
####≈≈≈ww≈≈≈≈
#.#...≈≈≈#≈≈≈≈
#≈≈#
.#.##≈≈≈###≈###≈≈≈
... ...
##≈≈≈≈###≈≈≈≈# .8.
###.
###≈≈≈≈≈≈≈..###.#


You could see 2 swamp worms, an orc warrior, an orc priest and a wyvern zombie.

Vanquished Creatures
  A wyvern (D:8)
  2 steam dragons (D:7)
  A water moccasin (D:8)
  5 ogres
  2 necrophages (D:6)
  A black bear (D:7)
  2 ice beasts (D:7)
  2 sky beasts (D:6)
  A centaur (D:8)
  A phantom (D:5)
  A kobold brigand (D:5)
  A bullfrog (D:7)
  A gnoll sergeant (D:8)
  4 killer bees (D:6)
  2 howler monkeys
  3 hounds
  2 jellies
  2 bullfrog skeletons
  3 orc priests
  A centaur skeleton (D:5)
  A gnoll shaman (D:4)
  Terence (D:1)
  An orc wizard (D:6)
  A howler monkey zombie (D:4)
  Robin (D:2)
  12 gnolls
  3 adders
  4 river rats (D:6)
  A shadow imp (D:5)
  3 white imps
  An ufetubus (D:4)
  A worm (D:3)
  An adder skeleton (D:4)
  15 orcs
  13 endoplasms
  A giant cockroach (D:1)
  7 hobgoblins
  8 jackals
  13 kobolds
  4 quokkas
  8 ball pythons
  8 bats
  14 goblins
  A rat (D:3)
161 creatures vanquished.

Vanquished Creatures (others)
  An orc wizard (D:7)
  8 fungi (D:2)
  30 plants
  5 toadstools (D:2)
44 creatures vanquished.

Grand Total: 205 creatures vanquished

Notes
Turn   | Place    | Note
-------+----------+-------------------------------------------
     0 | D:1      | Typ3r5 the Minotaur Fighter began the quest for the Orb.
     0 | D:1      | Reached XP level 1. HP: 19/19 MP: 0/0
   168 | D:1      | Found a faded altar of an unknown god.
   362 | D:1      | Reached XP level 2. HP: 27/27 MP: 1/1
   869 | D:2      | Noticed Terence
   884 | D:1      | Killed Terence
   885 | D:1      | Reached skill level 4 in Armour
   885 | D:1      | Reached skill level 1 in Stealth
   885 | D:1      | Reached XP level 3. HP: 26/33 MP: 2/2
   934 | D:2      | Noticed Robin
  1316 | D:2      | Killed Robin
  1317 | D:2      | Reached XP level 4. HP: 27/40 MP: 3/3
  1588 | D:2      | Found a hazy altar of Hepliaklqana.
  2137 | D:2      | Identified 2 scrolls of acquirement
  2137 | D:2      | Acquired a +2 plate armour of fire resistance
  2198 | D:2      | Acquired the ring of Vaibb {Fly rF+ rC++ Will+ SInv}
  2308 | D:1      | Reached skill level 5 in Armour
  2308 | D:1      | Reached XP level 5. HP: 34/47 MP: 4/4
  3725 | D:3      | Found a runed translucent door.
  3726 | D:3      | Noticed Crazy Yiuf
  3830 | D:4      | Reached skill level 5 in Fighting
  4026 | D:4      | Reached XP level 6. HP: 26/56 MP: 5/5
  4416 | D:4      | Found an ancient bone altar of Kikubaaqudgha.
  5286 | D:4      | Reached skill level 1 in Dodging
  5443 | D:5      | Entered Level 5 of the Dungeon
  5535 | D:5      | Found a staircase to the Ecumenical Temple.
  5548 | Temple   | Entered the Ecumenical Temple
  5645 | Temple   | Became a worshipper of Warmaster Okawaru
  5940 | D:5      | Reached XP level 7. HP: 47/63 MP: 6/6
  6007 | D:5      | Reached skill level 6 in Armour
  6092 | D:5      | Reached * piety under Okawaru
  6764 | D:6      | Reached skill level 7 in Armour
  6764 | D:6      | Reached XP level 8. HP: 66/73 MP: 2/7
  6877 | D:6      | Found a stormy altar of Qazlal.
  7124 | D:6      | Reached skill level 5 in Polearms
  7127 | D:6      | Reached ** piety under Okawaru
  7146 | D:6      | Reached skill level 5 in Dodging
  7771 | D:6      | Found Rappipre's CLEARANCE SALE!.
  8113 | D:7      | Reached XP level 9. HP: 74/79 MP: 8/8
  8154 | D:7      | Reached skill level 8 in Armour
  8608 | D:7      | Found Niaxkelostro's Jewellery Shop.
  8616 | D:7      | Bought an amulet of reflection for 360 gold pieces
  8768 | D:8      | Reached skill level 1 in Throwing
  8797 | D:8      | Reached *** piety under Okawaru
  9433 | D:8      | Found a hazy altar of Hepliaklqana.
  9666 | D:9      | Slain by a swamp worm

Illustrated notes

Levels and vault maps discovered:
D:1:      elethiomel_arrival_shortcut, layout_loops_ring,
          hellmonk_ecumenical_altar_zigzags
D:2:      cheibrodos_fertilizer, layout_basic, basic_altar,
          lemuel_another_geyser, uniq_terence, uniq_robin
D:3:      layout_basic, uniq_crazy_yiuf_cottage
D:4:      layout_gridville, nicolae_overflow_crystal_walls
D:5:      layout_basic, minmay_temple_entry_statues_pillars
D:6:      wad_woods_stonehenge, layout_loops_ring, minmay_hedge_maze,
          nicolae_shop_clearance
D:7:      layout_loops_ring, minmay_shop_enchanted_jewellery
D:8:      layout_rooms, nicolae_hepliaklqana_hippocampus
D:9:      lemuel_ice_statue, layout_loops_ring, minitemple, worms_lemuel,
          uniq_psyche
Temple:   zaba_magenta_temple

Skill      XL: |  1  2  3  4  5  6  7  8  9 |
---------------+----------------------------+-----
Fighting       | 4 5 6 7 |  7.6
Armour         | 4 5 7 8 |  8.2
Stealth        | 1 2 3 4 |  4.4
Shields        | 4 |  4.7
Polearms       | 3 4 5 7 |  7.0
Dodging        | 1 3 5 6 |  6.8
Throwing       | 1 |  1.4

Action                   |  1- 3 |  4- 6 |  7- 9 || total
-------------------------+-------+-------+-------++-------
Melee: Trident           |    49 |   143 |       ||   192
       Headbutt          |     6 |    25 |    45 ||    76
       Halberd           |       |    62 |   207 ||   269
Throw: Boomerang         |       |    12 |    20 ||    32
       Javelin           |       |       |    11 ||    11
       Throwing net      |       |       |     2 ||     2
       Stone             |       |       |     6 ||     6
Invok: Heroism           |       |       |     8 ||     8
  Use: Scroll            |     2 |     6 |    13 ||    21
       Potion            |       |     1 |     3 ||     4
Armor: Scale mail        |    26 |    17 |       ||    43
       Plate armour      |       |   176 |   158 ||   334
Dodge: Dodged            |    36 |   101 |   113 ||   250
Block: Buckler           |    14 |    47 |       ||    61
       Other             |       |       |    16 ||    16
       Reflection        |       |       |     2 ||     2
